 Dungeon Crawl Stone Soup version 0.23-a0-516-g0f8c245 (webtiles) character file.

64 pmoppi the Poker (level 4, -4/24 HPs)
             Began as a Vine Stalker Berserker on Dec 5, 2018.
             Was a Follower of Trog.
             Slain by a gnoll
             ... wielding a +0 whip
              (7 damage)
             ... on level 2 of the Dungeon.
             The game lasted 00:02:03 (1809 turns).

pmoppi the Poker (Vine Stalker Berserker)           Turns: 1809, Time: 00:02:04

Health: -4/24      AC:  7    Str: 20    XL:     4   Next: 12%
Magic:  0/5        EV: 11    Int:  7    God:    Trog [*.....]
Gold:   35         SH:  0    Dex: 14    Spells: 3/3 levels left

rFire    . . .     SeeInvis .   a - +0 spear
rCold    . . .     Gourm    .   (no shield)
rNeg     . . .     Faith    .   k - +0 ring mail
rPois    .         Spirit   +   g - +0 helmet
rElec    .         Reflect  .   f - +0 cloak (curse)
rCorr    .         Harm     .   (no gloves)
MR       .....                  (no boots)
Stlth    +.........             (no amulet)
HPRegen  0.48/turn              (no ring)
MPRegen  0.09/turn              (no ring)

@: berserk cooldown, slowed, drained, very slow
A: fangs 2, regeneration 1, magic shield, antimagic bite, no potion heal 3, rot
immunity
a: Berserk, Renounce Religion


You were on level 2 of the Dungeon.
You worshipped Trog.
Trog was aware of your devotion.
You were hungry.

You visited 1 branch of the dungeon, and saw 2 of its levels.

You collected 35 gold pieces.

Inventory:

Hand Weapons
 a - a +0 spear (weapon)
Armour
 f - a cursed +0 cloak (worn)
 g - a +0 helmet (worn)
 k - a +0 ring mail (worn)
Scrolls
 b - a scroll of remove curse {unknown}
 e - a scroll of enchant armour {unknown}
 j - a scroll of teleportation {unknown}
Potions
 d - 2 potions of curing {unknown}
 h - a potion of agility {unknown}
 i - a potion of ambrosia {unknown}
Comestibles
 c - 2 rations


   Skills:
 + Level 3.1 Fighting
 * Level 3.3(3.2) Polearms
 + Level 2.1(2.0) Armour
 + Level 2.1 Dodging


You had 3 spell levels left.
You didn't know any spells.
Your spell library was empty.

Dungeon Overview and Level Annotations

Branches:
Dungeon (2/15)

Altars:
Nemelex Xobeh


Innate Abilities, Weirdness & Mutations

You have extremely sharp teeth.
Your natural rate of healing is unusually fast.
When hurt, damage is shared between your health and your magic reserves.
Your bite disrupts and absorbs the magic of your enemies.
Potions cannot restore your health.
You are immune to rotting.


Message History

You are held in a net!
Unknown command.
You struggle against the net.
The gnoll barely misses you. x2
You struggle against the net.
The frilled lizard bites you but does no damage.
The gnoll hits you but does no damage.
The gnoll hits you from afar with a +0 spear.
The frilled lizard bites you. The gnoll hits you with a +0 whip.
You struggle against the net.
The gnoll hits you but does no damage.
The frilled lizard unfolds its giant frill.
The frilled lizard bites you but does no damage.
The gnoll closely misses you. The gnoll barely misses you.
Unknown command.
You rip the net and break free!
The frilled lizard bites you.
* * * LOW HITPOINT WARNING * * *
The gnoll hits you with a +0 whip.
* * * LOW HITPOINT WARNING * * *
The gnoll barely misses you. The frilled lizard misses you.
The gnoll hits you with a +0 whip!
You die...

#..#..# #..#..##
.######......
...?.....#.. #
#.>.......####.#
..............#
#.#.........####
#...<...?......##
#.#..l@..>.......
#..g.รท.......#
.....g!#........#
.....#.#...##...#.
.#..............(.
...........######
.......###.....#
.#..### #.##### .
###.#


You could see 2 gnolls and a frilled lizard.

Vanquished Creatures
  4 gnolls
  A leopard gecko (D:1)
  4 bats
  2 giant cockroaches (D:1)
  2 goblins (D:1)
  2 hobgoblins (D:1)
  5 kobolds (D:1)
  A ball python (D:2)
  3 rats (D:1)
24 creatures vanquished.

Notes
Turn   | Place    | Note
-------+----------+-------------------------------------------
     0 | D:1      | pmoppi the Vine Stalker Berserker began the quest for the
                  | Orb.
     0 | D:1      | Reached XP level 1. HP: 11/11 MP: 2/2
   112 | D:1      | Reached XP level 2. HP: 2/16 MP: 0/3
   115 | D:1      | HP: 1/24 [rat (2)]
   760 | D:1      | Reached XP level 3. HP: 20/20 MP: 2/4
   978 | D:1      | Found a sparkling altar of Nemelex Xobeh.
  1802 | D:2      | Gained mutation: Your natural rate of healing is unusually
                  | fast. [Vine Stalker growth]
  1802 | D:2      | Reached XP level 4. HP: 24/24 MP: 3/5
  1809 | D:2      | Slain by a gnoll

Vault maps used:
D:1:      psy_arrival_terrarium, nemelex_diamond_rough_becter
D:2:      minmay_guardbox

Skill      XL: |  1  2 |
---------------+-------+-----
Fighting       | 3 |  3.1
Polearms       | 3 |  3.3
Armour         | 2 |  2.1
Dodging        | 2 |  2.1

Action                   |  1- 3 |  4- 6 || total
-------------------------+-------+-------++-------
Melee: Spear             |    95 |       ||    95
       Bite              |    23 |       ||    23
Invok: Berserk           |     3 |       ||     3
  Eat: Chunk             |     5 |       ||     5
Armor: Animal skin       |    15 |       ||    15
       Ring mail         |     3 |     4 ||     7
Dodge: Dodged            |    48 |     6 ||    54

Table legend:
 A = Non-vault XP
 B = Vault XP
 C = Vault XP percentage of total XP
 D = Non-vault monster count
 E = Vault monster count
 F = Vault count percentage of total count
                 A         B        C        D         E       F
            +---------+---------+-------+---------+---------+-------
      Total |      92 |       0 |   0.0 |      24 |       0 |   0.0
            +---------+---------+-------+---------+---------+-------
        D:1 |      75 |       0 |   0.0 |      21 |       0 |   0.0
        D:2 |      17 |       0 |   0.0 |       3 |       0 |   0.0
            +---------+---------+-------+---------+---------+-------
